 Dungeon Crawl Stone Soup version 0.23-a0-338-g8ff0b24 (webtiles) character file.

9368 Ijustatesigmund the Epochal (level 11, 0/77 HPs)
             Began as an Octopode Conjurer on Oct 18, 2018.
             Was an Elder of Cheibriados.
             Engulfed by a cloud of freezing vapour (22 damage)
             ... on level 11 of the Dungeon.
             The game lasted 00:41:08 (13158 turns).

Ijustatesigmund the Epochal (Octopode Conjurer)    Turns: 13158, Time: 00:41:09

Health: 0/77       AC:  6    Str: 25    XL:     11   Next: 45%
Magic:  12/19      EV: 22    Int: 27    God:    Cheibriados [****..]
Gold:   254        SH:  0    Dex: 26    Spells: 9/20 levels left

rFire    . . .     SeeInvis .   f - +5 short sword (drain)
rCold    . . .     Gourm    .   (no shield)
rNeg     + . .     Faith    .   (helmet restricted)
rPois    .         Spirit   .   C - amulet of magic regeneration
rElec    .         Reflect  .   c - ring of stealth
rCorr    .         Harm     .   g - ring of protection from magic
MR       ++...                  u - ring of positive energy
Stlth    ++++++....             v - ring of wizardry
HPRegen  0.22/turn              w - +5 ring of protection
MPRegen  0.41/turn              G - +4 ring of evasion
                                (no ring)
                                (no ring)

@: mighty, very slow
A: almost no armour, stealthy swim, amphibious, 8 rings, constrict 8, tentacle
spike 1, camouflage 1, magic resistance 1, robust 1, strong 1, gelatinous body 1
a: Bend Time, Temporal Distortion, Slouch, Renounce Religion


You were on level 11 of the Dungeon.
You worshipped Cheibriados.
Cheibriados was greatly pleased with you.
You were not hungry.

You visited 2 branches of the dungeon, and saw 13 of its levels.

You collected 494 gold pieces.
You spent 240 gold pieces at shops.

Inventory:

Hand Weapons
 f - a +5 short sword of draining (weapon)
 A - a +8 quarterstaff
 D - a +1 vampiric trident
Missiles
 r - 3 javelins (quivered)
 x - 5 throwing nets
Jewellery
 c - a ring of stealth (left tentacle)
 g - a ring of protection from magic (right tentacle)
 p - the ring "Kosuebb" {rCorr -Tele rF+ Str+2 Int+7}
   (You took it off an orc on level 4 of the Dungeon)

   [ring of resist corrosion]

   It affects your strength (+2).
   It affects your intelligence (+7).
   It protects you from fire.
   It prevents most forms of teleportation.
 u - a ring of positive energy (on tentacle)
 v - a ring of wizardry (on tentacle)
 w - a +5 ring of protection (on tentacle)
 C - an amulet of magic regeneration (around mantle)
 G - a +4 ring of evasion (on tentacle)
Wands
 m - a wand of digging (7)
 q - a wand of enslavement (7)
 E - a wand of clouds (5)
 H - a wand of iceblast (8)
Scrolls
 a - 3 scrolls of fog
 d - 8 scrolls of remove curse
 l - a scroll of teleportation
 t - 2 scrolls of identify
 y - 2 scrolls of amnesia
 B - a scroll of enchant armour
Potions
 e - a potion of ambrosia
 h - 8 potions of curing
 i - 2 potions of resistance
 j - 4 potions of lignification
 s - 3 potions of flight
 z - 2 potions of brilliance {unknown}
 F - a potion of mutation
Comestibles
 b - 15 rations
 n - 3 chunks of flesh


   Skills:
 - Level 4.7 Fighting
 - Level 4.9 Short Blades
 - Level 5.0 Dodging
 - Level 7.2 Stealth
 + Level 5.4 Spellcasting
 - Level 7.0 Conjurations
 - Level 3.0 Hexes
 - Level 4.8 Translocations
 - Level 4.0 Air Magic
 - Level 3.5 Poison Magic
 - Level 8.5 Invocations
 - Level 5.2 Evocations


You had 9 spell levels left.
You knew the following spells:

 Your Spells              Type           Power        Failure   Level  Hunger
a - Magic Dart            Conj           ####         1%          1    None
b - Searing Ray           Conj           #####.       1%          2    None
c - Dazzling Spray        Conj/Hex       ####..       1%          3    #......
d - Mephitic Cloud        Conj/Pois/Air  ####....     1%          3    #......
e - Blink                 Tloc           N/A          1%          2    None

Your spell library contained the following spells:

 Spells                   Type           Power        Failure   Level  Hunger
 Sting                    Conj/Pois      ####         1%          1    None
 Poisonous Vapours        Pois/Air       ####..       1%          2    None
 Slow                     Hex            ###.....     1%          2    None
 Conjure Flame            Conj/Fire      ####....     1%          3    #......
 Iskenderun's Mystic Bla  Conj           #####...     1%          4    ###....
 Force Lance              Conj/Tloc      #####...     2%          4    ###....
 Fulminant Prism          Conj/Hex       ####......   3%          4    ###....
 Call Imp                 Summ           #.......     4%          2    None
 Olgreb's Toxic Radiance  Pois           ####....     6%          4    ###....
 Venom Bolt               Conj/Pois      #####.....   9%          5    #####..


Dungeon Overview and Level Annotations

Branches:
Dungeon (12/15)            Temple (1/1) D:4            Lair (0/6) D:8
    Orc (0/2) D:9

Altars:
Ashenzari
Cheibriados
Dithmenos
Elyvilon
Fedhas
Gozag
Hepliaklqana
Kikubaaqudgha
Makhleb
Nemelex Xobeh
Okawaru
Qazlal
Ru
Sif Muna
Trog
Uskayaw
Vehumet
Wu Jian
Xom
Yredelemnul
Zin
The Shining One

Shops:
D:9 :


Innate Abilities, Weirdness & Mutations

You cannot wear most types of armour.
You are very stealthy in the water. (Stealth+)
You are amphibious.
You can wear up to eight rings at the same time.
You can use your tentacles to constrict eight enemies at once.
Your skin changes colour to match your surroundings (Stealth+).
Your rubbery body absorbs attacks. (AC +1, EV +1)
One of your tentacles bears a spike.
You are resistant to hostile enchantments. (MR+)
You are robust. (+10% HP)
Your muscles are strong. (Str +2)


Message History

The spray of energy misses the white ugly thing.
The white ugly thing is engulfed in freezing vapours.
Casting: Dazzling Spray (safe; 1% risk of failure)
Confirm with . or Enter, or press ? or * to list all spells.
Aiming: Mephitic Cloud (safe; 1% risk of failure)
Press: ? - help, Shift-Dir - straight line, f/p - white ugly thing
Aim: a white ugly thing (freezing vapour, lightly wounded)
The ball explodes into a vile cloud!
The stinking cloud engulfs the white ugly thing.
The white ugly thing is lightly wounded.
The white ugly thing is engulfed in freezing vapours.
You feel very mighty all of a sudden.
The white ugly thing is engulfed in freezing vapours.
The white ugly thing tentacle-slaps you!
The white ugly thing freezes you!!
* * * LOW HITPOINT WARNING * * *
Casting: Mephitic Cloud (safe; 1% risk of failure)
Confirm with . or Enter, or press ? or * to list all spells.
You blink.
You are engulfed in freezing vapours.
You die...

#.........
...........##
#.........
%...>........#
#.........
..?..........#
......##
.............#
.#####
.........$...#
.............##.
................
......§§@...#
......§§§.###
#......§###
#######u# #§#
###


You could see a white ugly thing.

Vanquished Creatures
  Harold (D:8)
  2 two-headed ogres
  2 manticores
  Joseph (D:7)
  2 trolls
  Grinder (D:3)
  A spriggan (D:8)
  2 yaks (D:10)
  A shadow (D:11)
  A hungry ghost (D:10)
  A water moccasin (D:12)
  An acid dragon (D:12)
  4 orc warriors
  3 sky beasts
  An ice beast (D:5)
  A phantom (D:8)
  6 ogres
  5 centaurs
  A crocodile (D:7)
  5 bullfrogs
  3 wyvern zombies
  2 scorpions
  3 killer bees (D:10)
  5 howler monkeys
  5 wights (D:10)
  A centaur zombie (D:10)
  3 crimson imps
  5 hounds
  A jelly (D:9)
  3 centaur skeletons
  A gnoll shaman (D:7)
  12 orc priests
  3 bullfrog skeletons
  Terence (D:2)
  An iguana (D:9)
  9 orc wizards
  6 worker ants
  Natasha (thrice) (D:4)
  2 hound skeletons
  8 adders
  10 gnolls
  3 adder skeletons
  4 worms
  2 leopard geckos
  46 orcs
  6 bats
  6 giant cockroaches
  7 goblins
  10 hobgoblins
  20 jackals
  3 quokkas
  2 ball pythons (D:2)
  3 frilled lizards
  A jackal skeleton (D:6)
  7 kobolds
  A leopard gecko skeleton (D:5)
  2 rats
  A butterfly (D:6)
253 creatures vanquished.

Vanquished Creatures (others)
  A human (D:8)
1 creature vanquished.

Grand Total: 254 creatures vanquished

Notes
Turn   | Place    | Note
-------+----------+-------------------------------------------
     0 | D:1      | Ijustatesigmund the Octopode Conjurer began the quest for
                  | the Orb.
     0 | D:1      | Reached XP level 1. HP: 11/11 MP: 3/3
   284 | D:1      | Reached skill level 1 in Fighting
   521 | D:1      | Reached XP level 2. HP: 15/18 MP: 1/5
   674 | D:1      | Learned a level 2 spell: Searing Ray
   916 | D:1      | Reached XP level 3. HP: 21/25 MP: 2/6
   921 | D:1      | Learned a level 3 spell: Dazzling Spray
  1724 | D:2      | Reached skill level 1 in Hexes
  1905 | D:2      | Reached skill level 1 in Short Blades
  2037 | D:2      | Noticed Terence
  2043 | D:2      | Killed Terence
  2043 | D:2      | Reached XP level 4. HP: 30/30 MP: 7/7
  2275 | D:2      | Found an ornate altar of the Wu Jian Council.
  2889 | D:3      | Reached XP level 5. HP: 24/35 MP: 1/8
  3271 | D:3      | Reached XP level 6. HP: 31/41 MP: 2/9
  3365 | D:3      | Noticed Grinder
  3544 | D:3      | Killed Grinder
  3544 | D:3      | Reached skill level 5 in Stealth
  3544 | D:3      | Reached XP level 7. HP: 38/45 MP: 1/10
  3846 | D:3      | Found an iron altar of Okawaru.
  4063 | D:4      | Noticed Natasha
  4070 | D:4      | Killed Natasha
  4163 | D:4      | Noticed Natasha
  4171 | D:4      | Killed Natasha
  4171 | D:4      | Reached skill level 5 in Conjurations
  4221 | D:4      | Found a staircase to the Ecumenical Temple.
  4226 | Temple   | Entered the Ecumenical Temple
  4655 | D:4      | Noticed Natasha
  4661 | D:4      | Killed Natasha
  5013 | D:4      | Found a shadowy altar of Dithmenos.
  5499 | D:4      | Got a bound copper ring
  5507 | D:4      | Identified the ring "Kosuebb" {rCorr -Tele rF+ Str+2 Int+7}
                  | (You took it off an orc on level 4 of the Dungeon)
  5528 | D:4      | Found a deep blue altar of Sif Muna.
  5627 | D:4      | Reached XP level 8. HP: 51/51 MP: 9/11
  5666 | D:5      | Entered Level 5 of the Dungeon
  6093 | D:5      | Found a shattered altar of Ashenzari.
  6513 | D:5      | Found a sacrificial altar of Ru.
  6514 | D:5      | Found a snail-covered altar of Cheibriados.
  6934 | D:5      | Became a worshipper of Cheibriados the Contemplative
  7034 | D:6      | Reached skill level 1 in Invocations
  7034 | D:6      | Reached skill level 1 in Evocations
  7128 | D:6      | Reached skill level 2 in Invocations
  7312 | D:6      | Reached skill level 3 in Invocations
  7456 | D:6      | Reached skill level 4 in Invocations
  7461 | D:6      | Reached XP level 9. HP: 36/55 MP: 6/12
  7828 | D:6      | Gained mutation: You are frail. (-10% HP) [potion of
                  | mutation]
  7828 | D:6      | Gained mutation: One of your tentacles bears a spike.
                  | [potion of mutation]
  7829 | D:6      | Lost mutation: You are frail. (-10% HP) [potion of
                  | mutation]
  7829 | D:6      | Lost mutation: One of your tentacles bears a spike. [potion
                  | of mutation]
  7829 | D:6      | Gained mutation: Your muscles are strong. (Str +2) [potion
                  | of mutation]
  7829 | D:6      | Gained mutation: You are robust. (+10% HP) [potion of
                  | mutation]
  7829 | D:6      | Gained mutation: One of your tentacles bears a spike.
                  | [potion of mutation]
  7829 | D:6      | Gained mutation: You are resistant to hostile enchantments.
                  | (MR+) [potion of mutation]
  7896 | D:6      | Found a shimmering altar of Xom.
  8026 | D:7      | Found a hazy altar of Hepliaklqana.
  8033 | D:7      | Reached skill level 5 in Invocations
  8036 | D:7      | Reached * piety under Cheibriados
  8431 | D:7      | Noticed Joseph
  8597 | D:7      | Killed Joseph
  8597 | D:7      | Reached skill level 6 in Invocations
  8823 | D:7      | Reached skill level 7 in Invocations
  8823 | D:7      | Reached skill level 5 in Evocations
  8841 | D:7      | Reached ** piety under Cheibriados
  9127 | D:7      | Learned a level 3 spell: Mephitic Cloud
 10039 | D:8      | Noticed Harold
 10051 | D:8      | Killed Harold
 10051 | D:8      | Reached skill level 8 in Invocations
 10051 | D:8      | Reached XP level 10. HP: 40/69 MP: 8/16
 10240 | D:8      | Found an ancient bone altar of Kikubaaqudgha.
 10297 | D:8      | Found a staircase to the Lair.
 10503 | D:9      | Found a basalt altar of Yredelemnul.
 10576 | D:9      | Reached *** piety under Cheibriados
 10810 | D:9      | Noticed a manticore
 10891 | D:8      | Reached skill level 5 in Dodging
 11125 | D:9      | Found a staircase to the Orcish Mines.
 11148 | D:9      | Killed a manticore
 11593 | D:9      | Reached skill level 1 in Air Magic
 11675 | D:9      | Noticed a two-headed ogre
 11690 | D:9      | Killed a two-headed ogre
 11881 | D:9      | Found Godwex's Book Shop.
 11889 | D:9      | Bought a book of Minor Magic for 240 gold pieces
 11892 | D:9      | Learned a level 2 spell: Blink
 12075 | D:10     | Entered Level 10 of the Dungeon
 12116 | D:10     | Reached skill level 1 in Translocations
 12143 | D:10     | Reached **** piety under Cheibriados
 12182 | D:10     | Reached XP level 11. HP: 71/77 MP: 7/17
 12191 | D:10     | HP: 2/77 [yak (15)]
 12512 | D:10     | Found a shimmering altar of Xom.
 12711 | D:10     | You fall through a shaft for 2 floors!
 12711 | D:12     | Noticed a manticore
 12711 | D:12     | Noticed a purple ugly thing
 12712 | D:12     | Killed a manticore
 12714 | D:12     | Noticed a two-headed ogre
 12738 | D:12     | Noticed a two-headed ogre
 12756 | D:12     | Killed a two-headed ogre
 12998 | D:11     | Noticed a seven-headed hydra
 13007 | D:11     | HP: 3/77 [seven-headed hydra (6)]
 13009 | D:11     | Reached ***** piety under Cheibriados
 13009 | D:11     | Reached skill level 5 in Spellcasting
 13147 | D:11     | Noticed a white ugly thing
 13158 | D:11     | Engulfed by a cloud of freezing vapour

Vault maps used:
D:1:      ncdulo_wetmaze
D:2:      lemuel_doored_altar, uniq_terence
D:3:      okawaru_altar_gauntlet_db, uniq_grinder
D:4:      nicolae_dithmenos_the_darkroom, kennysheep_mini_moat, temple_statues,
          uniq_natasha
D:5:      gammafunk_temple_overflow_pools, first_ration, grunt_decor_resistance,
          cheibrodos_ashenzari_chains
D:6:      xom_butterflies
D:7:      lemuel_round_altar, uniq_joseph
D:8:      lair_entry_dummy, the_bakery, tgw_kikubaaqudgha, uniq_harold
D:9:      old_standard_altar, david_orc_2, serial_shops, shop, amethyst_killhole
D:10:     minmay_strange_pillars, xom_teletrap_fun, uniq_nergalle
D:12:     enter_trove_1, due_unseen_surprise
Temple:   dshaligram_water_room_temple

Skill      XL: |  1  2  3  4  5  6  7  8  9 10 11 |
---------------+----------------------------------+-----
Fighting       | 1 2 4 |  4.7
Hexes          | 1 2 3 |  3.0
Short Blades   | 1 2 3 4 |  4.9
Stealth        | 3 5 6 7 |  7.2
Conjurations   | 6 7 |  7.0
Dodging        | 3 4 5 |  5.0
Invocations    | 4 8 |  8.5
Evocations     | 3 5 |  5.2
Poison Magic   | 3 |  3.5
Air Magic      | 4 |  4.0
Translocations | 3 4 |  4.8
Spellcasting   | 5 |  5.4

Action                   |  1- 3 |  4- 6 |  7- 9 | 10-12 || total
-------------------------+-------+-------+-------+-------++-------
Melee: Unarmed           |    20 |       |       |       ||    20
       Constrict         |     9 |    15 |    32 |    20 ||    76
       Tentacles         |     4 |     6 |    29 |    39 ||    78
       Short sword       |    13 |    58 |   165 |   124 ||   360
       Kick              |       |       |    30 |    69 ||    99
 Cast: Magic Dart        |    48 |    28 |   130 |   126 ||   332
       Dazzling Spray    |       |     2 |    13 |     9 ||    24
       Searing Ray       |       |     1 |     4 |     1 ||     6
       Mephitic Cloud    |       |       |     3 |    11 ||    14
       Blink             |       |       |       |     7 ||     7
Invok: Bend Time         |       |       |       |     1 ||     1
       Slouch            |       |       |       |     1 ||     1
Evoke: Wand              |       |       |       |     8 ||     8
  Use: Scroll            |     3 |     1 |     8 |    10 ||    22
       Potion            |       |     2 |     5 |     5 ||    12
 Stab: Sleeping          |     2 |     6 |    14 |     6 ||    28
       Invisible         |       |       |     4 |     1 ||     5
       Confused          |       |       |       |     4 ||     4
       Distracted        |       |       |       |     1 ||     1
  Eat: Chunk             |     4 |     5 |    18 |     2 ||    29
       Ration            |       |       |     1 |     2 ||     3
Armor: Skin              |     3 |     1 |    14 |    15 ||    33
Dodge: Dodged            |    20 |    25 |   120 |   148 ||   313

Table legend:
 A = Non-vault XP
 B = Vault XP
 C = Vault XP percentage of total XP
 D = Non-vault monster count
 E = Vault monster count
 F = Vault count percentage of total count
                 A         B        C        D         E       F
            +---------+---------+-------+---------+---------+-------
      Total |   11057 |    2326 |  17.4 |     232 |      20 |   7.9
            +---------+---------+-------+---------+---------+-------
        D:1 |      40 |       0 |   0.0 |      22 |       0 |   0.0
        D:2 |      52 |      36 |  40.9 |      22 |       1 |   4.3
        D:3 |     216 |     329 |  60.4 |      20 |       7 |  25.9
        D:4 |     491 |      35 |   6.7 |      17 |       1 |   5.6
        D:5 |     514 |       0 |   0.0 |      13 |       0 |   0.0
        D:6 |     842 |       0 |   0.0 |      22 |       0 |   0.0
        D:7 |    1231 |     599 |  32.7 |      43 |       2 |   4.4
        D:8 |     652 |    1318 |  66.9 |      15 |       6 |  28.6
        D:9 |    2145 |       9 |   0.4 |      13 |       3 |  18.8
       D:10 |    1769 |       0 |   0.0 |      27 |       0 |   0.0
       D:11 |     826 |       0 |   0.0 |       9 |       0 |   0.0
       D:12 |    2279 |       0 |   0.0 |       9 |       0 |   0.0
            +---------+---------+-------+---------+---------+-------
